 Dungeon Crawl Stone Soup version 0.25-a0-611-g6918904 (webtiles) character file.

Game seed: 14070763505098780195, levelgen mode: deterministic

46 BlueFish the Stinger (level 3, 0/21 HPs)
             Began as an Octopode Venom Mage on Mar 16, 2020.
             Slain by a worm (12 damage)
             ... on level 2 of the Dungeon.
             The game lasted 00:03:41 (1666 turns).

BlueFish the Stinger (Octopode Venom Mage)          Turns: 1666, Time: 00:03:41

Health: 0/21       AC:  1    Str:  8    XL:     3   Next: 66%
Magic:  6/6        EV: 13    Int: 17    God:
Gold:   143        SH:  0    Dex: 12    Spells: 0/6 levels left

rFire    . . .     SeeInvis .   (no weapon)
rCold    . . .     Gourm    .   (no shield)
rNeg     . . .     Faith    .   (helmet restricted)
rPois    .         Spirit   .   (no amulet)
rElec    .         Reflect  .   (no ring)
rCorr    .         Harm     .   (no ring)
MR       .....                  (no ring)
Stlth    +++.......             (no ring)
HPRegen  0.07/turn              (no ring)
MPRegen  0.10/turn              (no ring)
                                (no ring)
                                (no ring)

@: no status effects
A: almost no armour, stealthy swim, amphibious, 8 rings, constrict 8, camouflage
1, gelatinous body 1
a: no special abilities


You were on level 2 of the Dungeon.
You were not hungry.

You visited 1 branch of the dungeon, and saw 2 of its levels.

You collected 143 gold pieces.

Inventory:

Scrolls
 a - a scroll of enchant armour {unknown}
 c - a scroll of identify
 d - a scroll of amnesia {unknown}
 f - a scroll of teleportation
Potions
 e - a potion of brilliance
 g - 2 potions of haste
 h - 2 potions of resistance
 j - a potion of lignification {unknown}
Comestibles
 b - 7 rations
 i - 4 chunks of flesh


   Skills:
 + Level 2.2 Dodging
 * Level 3.2 Stealth
 + Level 0.2 Unarmed Combat
 + Level 2.2 Spellcasting
 + Level 1.1 Transmutations
 * Level 4.8 Poison Magic


You couldn't memorise any spells.
You knew the following spells:

 Your Spells              Type           Power        Failure   Level  Hunger
a - Sting                 Tmut/Pois      ##..         5%          1    #......
b - Poisonous Vapours     Pois/Air       ##....       11%         2    ###....
c - Ignite Poison         Fire/Tmut/Pois #.......     26%         3    ###....

Your spell library contained the following spells:

 Spells                   Type           Power        Failure   Level  Hunger
 Olgreb's Toxic Radiance  Pois           ###.....     26%         4    #####..
 Mephitic Cloud           Conj/Pois/Air  #.......     30%         3    ###....


Dungeon Overview and Level Annotations

Branches:
Dungeon (2/15)

Altars:

Annotations:
D:2 Robin


Innate Abilities, Weirdness & Mutations

You cannot wear most types of armour.
You are very stealthy in the water. (Stealth+)
You are amphibious.
You can wear up to eight rings at the same time.
You can use your tentacles to constrict eight enemies at once.
Your skin changes colour to match your surroundings (Stealth+).
Your rubbery body absorbs attacks. (AC +1, EV +1)


Message History

The frilled lizard is heavily wounded.
You kill the frilled lizard!
You see here a frilled lizard corpse.
You butcher the frilled lizard corpse.
i - 5 chunks of flesh (gained 1)
You see here a frilled lizard skeleton.
Eating one of 5 chunks of flesh.
You eat one of the 5 chunks of flesh.
This raw flesh tastes terrible.
Found an escape hatch in the floor.
There is an escape hatch in the floor here.
You now have 143 gold pieces (gained 8).
Found a stone staircase leading up.
There is a stone staircase leading up here.
A worm comes into view.
The worm bites you!
You barely miss the worm. You grab the worm.
You constrict the worm, but do no damage.
The worm bites you!
Ouch! That really hurt!
You die...

#g# #.# #.# #g#
#.# #.# #.# #g#
#.# #.# #.#
########.# #.#
g.gg..g..# #w#
################@#
#...........#
#.###########
######<# .......#
########


You could see a worm.

Vanquished Creatures
  An adder (D:2)
  3 giant cockroaches (D:1)
  9 goblins
  7 hobgoblins
  A ball python (D:1)
  3 bats
  2 frilled lizards (D:2)
  5 kobolds
  4 rats
35 creatures vanquished.

Notes
Turn   | Place    | Note
-------+----------+-------------------------------------------
     0 | D:1      | BlueFish the Octopode Venom Mage began the quest for the
                  | Orb.
     0 | D:1      | Reached XP level 1. HP: 11/11 MP: 3/3
   235 | D:1      | Reached skill level 4 in Poison Magic
   245 | D:1      | Reached XP level 2. HP: 17/17 MP: 1/5
  1185 | D:2      | Reached XP level 3. HP: 21/21 MP: 4/6
  1426 | D:2      | Identified the cursed -3 helmet of Iniuw {Regen+ MP+9
                  | Dex+3}
  1426 | D:2      | Noticed Robin
  1470 | D:1      | Learned a level 2 spell: Poisonous Vapours
  1474 | D:1      | Learned a level 3 spell: Ignite Poison
  1666 | D:2      | Slain by a worm

Levels and vault maps discovered:
D:1:      sevenhm_arrival_forest_fort_large_4, layout_basic
D:2:      layout_loops_ring, minmay_close_crescents, uniq_robin

Skill      XL: |  1  2 |
---------------+-------+-----
Poison Magic   | 4 |  4.8
Stealth        | 3 |  3.2
Dodging        | |  2.2
Unarmed Combat | |  0.2
Spellcasting   | |  2.2
Transmutations | |  1.1

Action                   || total
-------------------------++-------
Melee: Unarmed           ||    54
       Constrict         ||    21
       Tentacles         ||     5
 Cast: Sting             ||    28
  Use: Scroll            ||     6
 Stab: Sleeping          ||     1
  Eat: Chunk             ||     3
Armor: Skin              ||     3
Dodge: Dodged            ||    29

Table legend:
 A = Non-vault XP
 B = Vault XP
 C = Vault XP percentage of total XP
 D = Non-vault monster count
 E = Vault monster count
 F = Vault count percentage of total count
                 A         B        C        D         E       F
            +---------+---------+-------+---------+---------+-------
      Total |      66 |       0 |   0.0 |      35 |       0 |   0.0
            +---------+---------+-------+---------+---------+-------
        D:1 |      27 |       0 |   0.0 |      17 |       0 |   0.0
        D:2 |      39 |       0 |   0.0 |      18 |       0 |   0.0
            +---------+---------+-------+---------+---------+-------
